 Dungeon Crawl Stone Soup version 0.20-a0-370-gd6af2a4 (webtiles) character file.

19245 Da5id the Basher (level 12, -34/77 HPs)
             Began as a Gargoyle Monk on Dec 28, 2016.
             Was a High Priest of the Shining One.
             Annihilated by a titanic slime creature (65 damage)
             ... on level 12 of the Dungeon.
             The game lasted 00:28:24 (16298 turns).

Da5id the Basher (Gargoyle Monk)                   Turns: 16298, Time: 00:28:25

Health: -34/77     AC: 53    Str: 19    XL:     12   Next: 67%
Magic:  10/12      EV:  7    Int: 15    God:    the Shining One [*****.]
Gold:   227        SH: 17    Dex: 12    Spells: 6/11 levels left

rFire  + . .     SeeInvis .     u - +3 flail (protect)
rCold  . . .     Gourm    .     Y - +15 Maxwell's patent armour {-Cast -Tele rElec MR+ rCorr}
rNeg   + + +     Faith    .     T - +3 buckler of Card Tricks {rPois Str+3}
rPois  ∞         Spirit   .     f - +1 helmet
rElec  +         Reflect  +     Q - +1 cloak
rCorr  +         Harm     .     C - +2 pair of gloves
MR     +....     NoTele   +     (no boots)
Stlth  .......... NoCast   +    j - +3 amulet of reflection
                                K - ring of resist corrosion
                                q - ring of protection from fire

@: divine shield, protection aura, glowing
A: negative energy resistance 1, electricity resistance, unbreathing,
petrification resistance, rot immunity, AC +8
a: Divine Shield, Cleansing Flame, Summon Divine Warrior, Renounce Religion


You were on level 12 of the Dungeon.
You worshipped the Shining One.
The Shining One was extremely pleased with you.
You were not hungry.

You visited 2 branches of the dungeon, and saw 13 of its levels.
You also visited: Labyrinth.

You collected 493 gold pieces.
You spent 266 gold pieces at shops.

Inventory:

Hand Weapons
 u - a +3 flail of protection (weapon)
 W - the +10 hunting sling "Garyes" {flame, Int+3}
   (You found it in a labyrinth)

   It causes projectiles fired from it to burn those they strike, causing extra
   injury to most foes and up to half again as much damage against particularly
   susceptible opponents.
   It affects your intelligence (+3).
Missiles
 O - 64 sling bullets
 S - 98 stones (quivered)
Armour
 f - a +1 helmet (worn)
 p - a +0 plate armour
 v - a +0 chain mail
 C - a +2 pair of gloves (worn)
 Q - a +1 cloak (worn)
 T - the +3 buckler of Card Tricks (worn) {rPois Str+3}
   (You bought it in a shop on level 9 of the Dungeon)

   It affects your strength (+3).
   It protects you from poison.
 Y - the +15 Maxwell's patent armour (worn) {-Cast -Tele rElec MR+ rCorr}
   (You found it in a labyrinth)

   It insulates you from electricity.
   It affects your resistance to hostile enchantments.
   It prevents spellcasting.
   It prevents most forms of teleportation.
   It protects you from acid and corrosion.
Magical Staves
 a - a cursed staff of fire {unknown}
Jewellery
 g - an uncursed amulet of magic regeneration {unknown}
 j - a +3 amulet of reflection (around neck)
 q - a ring of protection from fire (left hand)
 s - an uncursed ring of positive energy
 K - a ring of resist corrosion (right hand)
 V - an uncursed amulet of faith {unknown}
Wands
 A - a wand of lightning (4/15)
 G - a wand of iceblast (7/15)
 P - a wand of enslavement (11/24)
Scrolls
 b - 4 scrolls of remove curse
 d - 2 scrolls of recharging
 e - 3 scrolls of amnesia
 k - a scroll of fog
 m - a scroll of magic mapping {unknown}
 r - 2 scrolls of noise
 t - 2 scrolls of enchant weapon
 x - 5 scrolls of teleportation
 M - a scroll of identify
 R - a scroll of blinking {unknown}
 Z - a scroll of fear
Potions
 o - a potion of cancellation
 w - a potion of cure mutation
 z - 3 potions of agility
 B - 2 potions of ambrosia
 D - a potion of mutation {unknown}
 E - 3 potions of heal wounds
 F - 2 potions of flight
 H - a potion of lignification {unknown}
 J - 3 potions of curing
 U - a potion of berserk rage {unknown}
 X - a potion of resistance {unknown}
Books
 y - a book of Power

   Spells                             Type                      Level
   a - Fulminant Prism                Conjuration/Hexes            4
   b - Iskenderun's Mystic Blast      Conjuration                  4
   c - Venom Bolt                     Conjuration/Poison           5
   d - Bolt of Magma                  Conjuration/Fire/Earth       5
   e - Iron Shot                      Conjuration/Earth            6
   f - Orb of Destruction             Conjuration                  7
   g - Spellforged Servitor           Conjuration/Summoning        7
 I - a book of Minor Magic

   Spells                             Type                      Level
   a - Magic Dart                     Conjuration                  1
   b - Blink                          Translocation                2
   c - Call Imp                       Summoning                    2
   d - Repel Missiles                 Charms/Air                   2
   e - Slow                           Hexes                        2
   f - Conjure Flame                  Conjuration/Fire             3
   g - Mephitic Cloud                 Conjuration/Poison/Air       3
 L - a book of Maledictions

   Spells                             Type                      Level
   a - Corona                         Hexes                        1
   b - Ensorcelled Hibernation        Hexes/Ice                    2
   c - Confuse                        Hexes                        3
   d - Tukima's Dance                 Hexes                        3
   e - Dazzling Spray                 Conjuration/Hexes            3
Miscellaneous
 N - a crystal ball of energy
Comestibles
 c - 14 bread rations
 h - 3 fruits
 l - 8 meat rations
 n - a beef jerky


   Skills:
 - Level 9.9 Fighting
 - Level 14.2 Maces & Flails
 + Level 7.1 Slings
 - Level 9.1 Armour
 - Level 2.4 Dodging
 - Level 2.1 Stealth
 - Level 4.3 Shields


You had 6 spell levels left.
You knew the following spells:

 Your Spells              Type           Power        Failure   Level  Hunger
a - Repel Missiles        Chrm/Air       #.....       100%        2    ###....
b - Tukima's Dance        Hex            #.......     100%        3    ####...


Dungeon Overview and Level Annotations

Branches:
Dungeon (12/15)            Temple (1/1) D:4            Lair (0/6) D:11
    Orc: D:9-12

Altars:
Ashenzari
Cheibriados
Dithmenos
Elyvilon
Fedhas
Gozag
Hepliaklqana
Kikubaaqudgha
Makhleb
Nemelex Xobeh
Okawaru
Qazlal
Ru
Trog
Uskayaw
Vehumet
Xom
Yredelemnul
Zin
The Shining One

Shops:
D:9 [

Annotations:
D:8 Gastronok


Innate Abilities, Weirdness & Mutations

You are resistant to torment.
Your stone body is resilient. (AC +8)
You are immune to poison.
You resist negative energy. (rN+)
You are resistant to electric shocks. (rElec)
You can survive without breathing.
You are immune to petrification.
You are immune to rotting.


Message History

The enormous slime creature is severely wounded.
Two slime creatures merge to form a titanic slime creature.
You sock the titanic slime creature!
The titanic slime creature is severely wounded.
You hit the titanic slime creature.
The titanic slime creature is severely wounded.
The titanic slime creature hits you!!
You thump the titanic slime creature!
The titanic slime creature is severely wounded.
You block the titanic slime creature's attack.
You sock the titanic slime creature!
The titanic slime creature is severely wounded.
You bludgeon the titanic slime creature!!
The titanic slime creature is severely wounded.
The titanic slime creature hits you but does no damage.
You hit the titanic slime creature.
The titanic slime creature is severely wounded.
The titanic slime creature hits you!!!
Ouch! That really hurt!
You die...

### ..# #.#
#.#
##o#######.#
..ooooJ@...#
#.########.#
#.# ##.##
#####...##
#........#
#.##....##
#.##.#.##
#.##.###


You could see a titanic slime creature, 2 orc warriors, an orc priest and 2
orcs.

Vanquished Creatures
  Kirke (D:11)
  A minotaur (Lab)
  A hydra (D:12)
  Erica (D:8)
  A death knight (D:11)
  A two-headed ogre (D:9)
  3 unseen horrors
  An ugly thing (D:12)
  2 manticores
  2 gargoyles
  A centaur zombie (D:11)
  A kobold demonologist (D:11)
  2 trolls
  5 slime creatures
  A hippogriff (D:10)
  A vampire (D:10)
  A spriggan (D:10)
  Sigmund (D:2)
  A wyvern (D:11)
  12 yaks
  A wraith (D:10)
  6 hogs (D:11)
  Edmund (D:4)
  A porcupine (D:11)
  A black bear (D:11)
  2 ice beasts
  4 orc warriors
  5 sky beasts
  5 phantoms
  4 ogres
  An eye of draining (D:9)
  3 centaurs
  2 crocodiles
  6 bullfrogs
  4 scorpions
  A troll zombie (D:12)
  8 killer bees
  3 howler monkeys
  10 crimson imps
  A bullfrog zombie (D:8)
  A quasit (D:10)
  2 jellies
  2 centaur skeletons
  5 hounds
  7 orc priests
  6 orc wizards
  4 bullfrog skeletons
  2 iguanas
  Terence (D:2)
  11 worker ants
  2 killer bee zombies (D:5)
  7 ogre zombies (D:12)
  A hound skeleton (D:4)
  Robin (D:4)
  9 adders
  3 gnolls (D:7)
  2 shadow imps
  An ooze (D:3)
  An adder skeleton (D:4)
  A worm (D:2)
  2 dart slugs
  7 leopard geckos
  35 orcs
  5 ball pythons
  14 giant cockroaches
  7 hobgoblins
  10 jackals
  7 quokkas
  11 bats
  4 frilled lizards
  9 goblins
  2 goblin skeletons (D:12)
  4 goblin zombies (D:12)
  4 hobgoblin zombies (D:12)
  6 kobolds
  A leopard gecko zombie (D:8)
  An orc skeleton (D:12)
  14 orc zombies (D:12)
  A quokka skeleton (D:4)
  A quokka zombie (D:7)
  11 rats
334 creatures vanquished.

Vanquished Creatures (others)
  A human (D:12)
  A centaur (D:9)
  A giant cockroach (D:8)
  A goblin (D:4)
4 creatures vanquished.

Grand Total: 338 creatures vanquished

Notes
Turn   | Place    | Note
-------+----------+-------------------------------------------
     0 | D:1      | Da5id the Gargoyle Monk began the quest for the Orb.
     0 | D:1      | Reached XP level 1. HP: 14/14 MP: 1/1
   848 | D:1      | Reached XP level 2. HP: 16/19 MP: 2/2
  1302 | D:1      | Reached skill level 4 in Maces & Flails
  1509 | D:1      | Reached XP level 3. HP: 21/23 MP: 3/3
  1636 | D:2      | Noticed Sigmund
  1662 | D:2      | HP: 1/23 [Sigmund/magic dart (2)]
  1663 | D:2      | Killed Sigmund
  1663 | D:2      | Reached skill level 6 in Maces & Flails
  1663 | D:2      | Reached XP level 4. HP: 1/28 MP: 4/4
  1663 | D:2      | Reached XP level 5. HP: 1/32 MP: 5/5
  2055 | D:2      | Noticed Terence
  2081 | D:2      | Killed Terence
  2324 | D:2      | Reached XP level 6. HP: 28/37 MP: 6/6
  3331 | D:3      | Reached skill level 7 in Maces & Flails
  3666 | D:4      | Noticed Edmund
  3681 | D:4      | Killed Edmund
  3681 | D:4      | Reached skill level 8 in Maces & Flails
  3681 | D:4      | Reached XP level 7. HP: 39/41 MP: 7/7
  4287 | D:4      | Noticed Robin
  4343 | D:4      | Killed Robin
  4844 | D:4      | Found a radiant altar of Vehumet.
  4844 | D:4      | Found a blossoming altar of Fedhas.
  4845 | D:4      | Found an iron altar of Okawaru.
  5147 | D:4      | Found a staircase to the Ecumenical Temple.
  5157 | Temple   | Entered the Ecumenical Temple
  5186 | Temple   | Became a worshipper of the Shining One
  5186 | Temple   | Reached * piety under the Shining One
  5186 | Temple   | Reached ** piety under the Shining One
  5409 | D:4      | Found a blossoming altar of Fedhas.
  5468 | D:5      | Entered Level 5 of the Dungeon
  5483 | D:5      | Reached skill level 9 in Maces & Flails
  5483 | D:5      | Reached XP level 8. HP: 32/46 MP: 8/8
  5742 | D:5      | Found a snail-covered altar of Cheibriados.
  5758 | D:5      | Learned a level 2 spell: Repel Missiles
  5777 | D:5      | Noticed a troll
  5795 | D:5      | Killed a troll
  5795 | D:5      | Reached skill level 10 in Maces & Flails
  6873 | D:6      | Reached skill level 11 in Maces & Flails
  6875 | D:6      | Found a stormy altar of Qazlal.
  7948 | D:6      | Reached XP level 9. HP: 51/51 MP: 9/9
  8577 | D:7      | Reached skill level 12 in Maces & Flails
  8619 | D:7      | Found a glowing silver altar of Zin.
  8846 | D:8      | Noticed Gastronok
  8882 | D:7      | Learned a level 3 spell: Tukima's Dance
  9344 | D:8      | Noticed Erica
  9363 | D:8      | Killed Erica
  9363 | D:8      | Reached skill level 13 in Maces & Flails
 10346 | D:9      | Reached XP level 10. HP: 56/56 MP: 10/10
 10602 | D:9      | Reached skill level 14 in Maces & Flails
 10652 | D:9      | Found a burning altar of Makhleb.
 10653 | D:9      | Found a shimmering altar of Xom.
 10790 | D:9      | Found a sacrificial altar of Ru.
 11274 | D:9      | Reached skill level 1 in Armour
 11286 | D:9      | Found Waploce's Antique Armour Emporium.
 11289 | D:9      | Bought a twisted buckler for 266 gold pieces
 11294 | D:9      | Identified the +3 buckler of Card Tricks {rPois Str+3} (You bought it in a shop on level 9 of the Dungeon)
 11622 | D:9      | Noticed a two-headed ogre
 11635 | D:9      | Killed a two-headed ogre
 11635 | D:9      | Reached skill level 5 in Fighting
 11910 | D:10     | Entered Level 10 of the Dungeon
 11965 | D:10     | Noticed a manticore
 11978 | D:10     | Killed a manticore
 12596 | D:10     | Noticed a gargoyle
 12609 | D:10     | Killed a gargoyle
 12609 | D:10     | Reached skill level 5 in Armour
 12677 | D:10     | Reached XP level 11. HP: 43/66 MP: 7/11
 13448 | D:11     | Found a bloodstained altar of Trog.
 13512 | D:11     | Noticed a manticore
 13524 | D:11     | Killed a manticore
 13869 | D:11     | Noticed an unseen horror
 13893 | D:11     | Killed an unseen horror
 13952 | D:11     | Reached *** piety under the Shining One
 14227 | D:11     | Noticed an unseen horror
 14242 | D:11     | Killed an unseen horror
 14263 | D:11     | Found a staircase to the Lair.
 14467 | D:11     | Noticed a sixfirhy
 14493 | D:12     | Found a labyrinth entrance.
 14493 | D:12     | Noticed an unseen horror
 14507 | D:12     | Killed an unseen horror
 14513 | Lab      | Entered a labyrinth
 14845 | Lab      | Noticed a minotaur
 14854 | Lab      | Killed a minotaur
 14854 | Lab      | Reached XP level 12. HP: 71/77 MP: 9/12
 14856 | Lab      | Got a warped hunting sling
 14857 | Lab      | Identified the +10 hunting sling "Garyes" {flame, Int+3} (You found it in a labyrinth)
 15419 | D:12     | Noticed Kirke
 15431 | D:11     | Reached skill level 1 in Slings
 15538 | D:12     | Reached **** piety under the Shining One
 15918 | D:11     | Killed Kirke
 15942 | D:12     | Noticed a death knight
 15944 | D:12     | Noticed a five-headed hydra
 15959 | D:11     | Killed a death knight
 15959 | D:11     | Reached skill level 5 in Slings
 15978 | D:12     | Killed a five-headed hydra
 16023 | D:12     | Reached ***** piety under the Shining One
 16298 | D:12     | Annihilated by a titanic slime creature

Vault maps used:
D:1:      elethiomel_arrival_quiet, minmay_shallow_snake_nest
D:2:      minmay_roachtagon, first_bread, minmay_misc_feat_nine_boxes,
          uniq_terence, uniq_sigmund
D:4:      gammafunk_temple_overflow_claw, lemuel_tele_altar, uniq_edmund,
          uniq_robin
D:5:      cheibriados_altar_1, dk_rats_in_the_wall
D:6:      lemuel_doored_altar
D:7:      lemuel_crystal_altar
D:8:      uniq_erica, uniq_gastronok
D:9:      grunt_temple_overflow_champion_of_chaos,
          nicolae_ru_the_path_less_chosen, serial_shops, kennysheep_mini,
          grunt_ministairs_8
D:10:     the_bakery
D:11:     grunt_lair_entry_orc_guard_hut, bloody_trog
D:12:     zombieorc2_lemuel, lab_entry_generic, uniq_sonja, uniq_kirke
Temple:   minmay_temple_bridge_abc
Lab:      labyrinth_hidden_loot

Skill      XL: |  1  2  3  4  5  6  7  8  9 10 11 12 |
---------------+-------------------------------------+-----
Maces & Flails | 4 6 8 9 11 13 14 | 14.2
Armour         | 5 9 |  9.1
Fighting       | 6 9 |  9.9
Shields        | 4 |  4.3
Slings         | 7 |  7.1
Dodging        | |  2.4
Stealth        | |  2.1

Action                   |  1- 3 |  4- 6 |  7- 9 | 10-12 || total
-------------------------+-------+-------+-------+-------++-------
Melee: Mace              |    28 |       |       |       ||    28
       Whip              |    73 |    33 |       |       ||   106
       Flail             |       |   128 |   402 |   695 ||  1225
 Fire: Hunting sling     |       |       |       |     1 ||     1
Invok: Divine Shield     |       |       |     7 |    15 ||    22
  Use: Potion            |     2 |       |       |     3 ||     5
       Scroll            |       |     1 |    18 |     2 ||    21
  Eat: Chunk             |     2 |     7 |    14 |    15 ||    38
       Beef jerky        |       |       |     2 |     2 ||     4
       Royal jelly       |       |       |     1 |       ||     1
       Pizza             |       |       |     1 |       ||     1
       Meat ration       |       |       |       |     1 ||     1
Armor: Robe              |    33 |    17 |       |       ||    50
       Chain mail        |       |    86 |   245 |       ||   331
       Plate armour      |       |       |    26 |   484 ||   510
Dodge: Dodged            |    65 |    60 |   135 |   159 ||   419
Block: Other             |     7 |    19 |    37 |    26 ||    89
       Reflection        |       |     1 |     4 |     3 ||     8
       Buckler           |       |       |       |   328 ||   328
